 Dungeon Crawl Stone Soup version 0.27.1-34-g3ba077fa99 (webtiles) character file.

Game seed: 12029394780343111966

86 cayde69 the Chopper (level 4, -16/37 HPs)
             Began as a Demonspawn Berserker on Jan 27, 2022.
             Was a Believer of Trog.
             Blown up by Ijyb (31 damage)
             ... with a mindburst bolt
             ... on level 3 of the Dungeon.
             The game lasted 00:17:03 (1324 turns).

cayde69 the Chopper (Demonspawn Berserker)          Turns: 1324, Time: 00:17:04

Health: -16/37     AC:  5    Str: 18    XL:     4   Next: 27%
Magic:  4/4        EV: 26    Int:  8    God:    Trog [**....]
Gold:   123        SH:  0    Dex: 13    Spells: 3/3 levels left

rFire    . . .     SeeInvis .   a - +0 hand axe
rCold    . . .     Faith    .   (no shield)
rNeg     . . .     Spirit   .   s - +0 ring mail
rPois    .         Reflect  .   (no helmet)
rElec    .         Harm     .   (no cloak)
rCorr    .         Rampage  .   (no gloves)
Will     .....                  (no boots)
Stlth    +.........             p - amulet of the acrobat
HPRegen  0.12/turn              (no ring)
MPRegen  0.09/turn              (no ring)

@: acrobatic
A: talons 1, demonic guardian 1
a: Renounce Religion, Berserk, Trog's Hand


You were on level 3 of the Dungeon.
You worshipped Trog.
Trog was pleased with you.
You visited 1 branch of the dungeon, and saw 3 of its levels.

You collected 123 gold pieces.

Inventory:

Hand Weapons
 a - a +0 hand axe (weapon)
 e - a +0 whip
 f - a +0 dagger
 j - a +0 dagger
 k - a +0 club
Missiles
 h - 15 arrows
 m - 4 large rocks
 r - 51 stones
Armour
 b - a +0 animal skin
 l - a +0 leather armour
 o - a +0 robe
 s - a +0 ring mail (worn)
 z - a +0 chain mail
Jewellery
 p - an amulet of the acrobat (around neck)
 u - a ring of protection from fire
Scrolls
 c - a scroll of enchant weapon {unknown}
 i - 2 scrolls of blinking {unknown}
 q - a scroll of fear {unknown}
 x - a scroll of magic mapping {unknown}
 y - a scroll of acquirement {unknown}
Potions
 d - a potion of degeneration {unknown}
 g - a potion of flight {unknown}
 n - a potion of lignification {unknown}
 t - a potion of haste {unknown}
 v - a potion of might {unknown}
 w - a potion of magic {unknown}
 A - a potion of attraction {unknown}


   Skills:
 + Level 3.8 Fighting
 + Level 3.8 Axes
 - Level 2.0 Armour
 - Level 2.0 Dodging
 - Level 0.1 Stealth


You had 3 spell levels left.
You didn't know any spells.
Your spell library was empty.

Dungeon Overview and Level Annotations

Branches:
Dungeon (3/15)

Altars:

Annotations:
D:3 Ijyb


Innate Abilities, Weirdness & Mutations

You have sharp toenails.
A weak demonic guardian rushes to your aid.


Message History

An adder comes into view.
Found a stone staircase leading up.
The adder hisses angrily.
An endoplasm comes into view.
The endoplasm jiggles.
You barely miss the adder. The adder bites you.
You slash the adder! Your kick misses the adder.
The adder is almost dead.
The adder bites you.
You closely miss the adder.
The adder is almost dead.
The adder bites you but does no damage. The adder bites you.
You are poisoned.
The adder poisons you!
You hit the adder but do no damage. Your kick misses the adder.
The adder is almost dead.
You feel sick. The adder bites you but does no damage.
You hit the adder.
You kill the adder!
Trog accepts your kill.
You hit the endoplasm.
You feel sick. The endoplasm hits you.
A demonic guardian appears!
You feel sick. The endoplasm misses you.
You see here an adder corpse.
You hit the endoplasm.
You kill the endoplasm!
Trog accepts your kill.
You feel sick.
You feel sick.
You are no longer poisoned.
You swap places.
There is an escape hatch in the ceiling here.
Things that are here:
a +0 club; a goblin corpse Ijyb the Twisted Goblin comes into view.
She is wielding a +0 club and carrying a wand of mindburst (3).
Ijyb shouts!
Your iron imp disappears in a puff of smoke!
Ijyb zaps a wand.
Your mind is blasted!
Ouch! That really hurt!
You die...

.#.# #.## #.#.###..
#.#.##..####
#.#.##.....#
####+##.#.##.#.#.#
###.......#........##.#
#.+............#.#....#
#.#.........)§.@..g#
##†#...........#..##....
.†.............#..# .
#.###.......##.#..# #.#
#........#.#..#
#.###........#.#...
#.##.........#.##.##
#.##.####...##.# ..
#.##....#......#


You could see Ijyb.

Vanquished Creatures
  3 adders (D:3)
  3 dart slugs (D:2)
  4 endoplasms
  A giant cockroach (D:1)
  7 goblins
  5 hobgoblins
  3 jackals (D:3)
  4 kobolds (D:1)
  4 quokkas
  3 ball pythons
  5 bats
  2 frilled lizards
  5 rats
49 creatures vanquished.

Notes
Turn   | Place    | Note
-------+----------+-------------------------------------------
     0 | D:1      | cayde69 the Demonspawn Berserker began the quest for the
                  | Orb.
     0 | D:1      | Reached XP level 1. HP: 18/18 MP: 1/1
   121 | D:1      | Gained mutation: You have sharp toenails. [demonic
                  | ancestry]
   121 | D:1      | Reached XP level 2. HP: 15/24 MP: 2/2
   691 | D:2      | Gained mutation: A weak demonic guardian rushes to your
                  | aid. [demonic ancestry]
   691 | D:2      | Reached XP level 3. HP: 28/29 MP: 3/3
  1173 | D:3      | Found a faded altar of an unknown god.
  1222 | D:3      | Reached ** piety under Trog
  1234 | D:3      | Reached XP level 4. HP: 19/37 MP: 4/4
  1322 | D:3      | Noticed Ijyb
  1324 | D:3      | Blown up by Ijyb

Illustrated notes

Levels and vault maps discovered:
D:1:      scummos_arrival_simple_fountains, layout_rooms
D:2:      layout_basic, minmay_misc_feat_tiny
D:3:      layout_basic, ebering_ecumenical_altar_mist, serial_glass,
          glass_columns_a, glass_columns_b, uniq_robin, uniq_ijyb, uniq_natasha

Skill      XL: |  1  2 |
---------------+-------+-----
Axes           | 3 |  3.8
Dodging        | 2 |  2.0
Armour         | 2 |  2.0
Fighting       | |  3.8
Stealth        | |  0.1

Action                   |  1- 3 |  4- 6 || total
-------------------------+-------+-------++-------
Melee: Hand axe          |    94 |    15 ||   109
       Kick              |    14 |     1 ||    15
Invok: Berserk           |     2 |       ||     2
  Use: Scroll            |     1 |       ||     1
Armor: Animal skin       |     5 |       ||     5
       Leather armour    |     8 |       ||     8
       Ring mail         |     9 |     7 ||    16
Dodge: Dodged            |    77 |    10 ||    87
